 Dungeon Crawl Stone Soup version 0.32-a0-361-g289a535e89 (webtiles) character file.

Game seed: 13143975040121906953

10 TheMeInTeam the Charlatan (level 2, 0/21 HPs)
             Began as a Coglin Wanderer on Feb 18, 2024.
             Succumbed to an adder's poison
             ... on level 2 of the Dungeon.
             The game lasted 00:04:25 (809 turns).

TheMeInTeam the Charlatan (Coglin Wanderer)          Turns: 809, Time: 00:04:25

Health: 0/21       AC:  3    Str: 17    XL:     2   Next: 20%
Magic:  3/3        EV: 11    Int:  9    God:
Gold:   80         SH:  0    Dex: 12    Spells: 2/3 levels left

rFire   . . .        g - +0 short sword {Luis}
rCold   . . .        h - +0 dagger {Soledad}
rNeg    . . .        d - +0 leather armour
rPois   .            (no helmet)
rElec   .            (no cloak)
rCorr   .            (no gloves)
SInv    .            (no boots)
Will    .....        (no amulet)
Stlth   +            (no ring)
HPRegen 0.23/turn    (no ring)
MPRegen 0.08/turn

%: no passive effects
@: lethally poisoned (0 -> -8), revved, stiff-legged, very slow
A: off-hand wielding, slow wielding, warmup strikes, warmup strides, strong 1,
subdued magic 1
a: no special abilities


You were on level 2 of the Dungeon.
You visited 1 branch of the dungeon, and saw 2 of its levels.

You collected 80 gold pieces.

Inventory:

Hand Weapons
 g - a +0 short sword (weapon) {Luis}
 h - a +0 dagger (worn) {Soledad}
Missiles
 a - 5 atropa-tipped darts (quivered)
Armour
 d - a +0 leather armour (worn)
 e - a +2 buckler
Wands
 b - a wand of flame (7)
Scrolls
 c - a scroll of silence


   Skills:
 * Level 1.2 Fighting
 * Level 0.0 Short Blades
 - Level 1.7 Dodging
 + Level 1.3 Stealth
 - Level 2.1 Shields
 - Level 1.0 Spellcasting
 - Level 1.0 Translocations
 - Level 3.0 Evocations


You had 2 spell levels left.
You knew the following spells:

 Your Spells              Type           Power      Damage    Failure   Level
a - Apportation           Tloc           2%         N/A       26%         1

Your spell library contained the following spells:

 Spells                   Type           Power      Damage    Failure   Level
 Gell's Gravitas          Tloc           1%         N/A       61%         3
 Fugue of the Fallen      Necr           0%         N/A       77%         3
 Ozocubu's Armour         Ice            0%         N/A       77%         3
 Manifold Assault         Tloc           1%         N/A       95%         4


Dungeon Overview and Level Annotations

Branches:
Dungeon (2/15)

Altars:


Innate Abilities, Weirdness & Mutations

You can wield a second weapon in your off-hand.
It takes a long time for you to wield or remove held weapons.
Your first few attacks do less damage.
Your first movements take longer.
Your muscles are strong. (Str +4, Int/Dex -1)
Your spells are a little easier to cast, but a little less powerful.


Message History

You open the door.
There is an open door here.
You open the door.
A dart slug comes into view.
There is an open door here.
The helpless dart slug fails to defend itself.
You hit the dart slug.
The dart slug is moderately wounded.
The dart slug launches a dart at you. You block the slug dart.
You hit the dart slug.
The dart slug is severely wounded.
You block the dart slug's attack.
You hit the dart slug.
The dart slug is almost dead.
You block the dart slug's attack.
You hit the dart slug.
You kill the dart slug!
Your Fighting skill increases to level 1!
You have reached level 2!
Found a hand axe.
You open the door. You open the large door.
There is a large open door here.
There is a large open door here.
Found a stone staircase leading down.
You open the door.
There is an open door here.
You open the door.
There is an open door here.
You now have 26 gold pieces (gained 8).
There is an open door here.
You now have 34 gold pieces (gained 8).
You open the door.
There is an open door here.
You open the door.
There is an open door here.
You now have 46 gold pieces (gained 12).
Found a stone staircase leading down.
There is a stone staircase leading down here.
You now have 55 gold pieces (gained 9).
You now have 65 gold pieces (gained 10).
There is a stone staircase leading down here.
Found 5 stones.
A giant cockroach comes into view.
The giant cockroach completely misses you.
You hit the giant cockroach but do no damage.
The giant cockroach barely misses you.
The giant cockroach bites you but does no damage.
You hit the giant cockroach but do no damage.
The giant cockroach waves its antennae.
The giant cockroach bites you.
You closely miss the giant cockroach.
You block the giant cockroach's attack. x2
You hit the giant cockroach but do no damage.
The giant cockroach closely misses you. x2
You hit the giant cockroach.
The giant cockroach is severely wounded.
The giant cockroach bites you.
You hit the giant cockroach.
You kill the giant cockroach!
Training target 3.0 for Evocations reached!
Your Evocations skill increases to level 3!
You see here a giant cockroach corpse.
You pick up a book of Battle and begin reading...
You add the spells Fugue of the Fallen, Ozocubu's Armour and Manifold Assault to your library.
Found 6 stones.
You see here 6 stones.
You now have 73 gold pieces (gained 8).
You open the door.
Found a short sword.
There is an open door here.
There is an open door here.
There is an open door here.
There is an open door here.
A rat comes into view.
The rat squeaks loudly.
The rat closely misses you.
You hit the rat.
The rat is severely wounded.
The rat completely misses you.
You hit the rat.
You kill the rat!
No target in view!
Search for what [? for help]? blade
There is an open door here.
There is an open door here.
There is an open door here.
There is an open door here.
You see here a +0 short sword.
g - a +0 short sword You start removing your armour.
You continue removing your +2 buckler. x4
You finish removing your +2 buckler.
You start attuning to your weapon.
You continue attuning to your +0 short sword. x5
You finish attuning to your +0 short sword.
You welcome your +0 short sword "Luis" into your grasp.
Unwield which? (? for menu, Esc to cancel) < or
a - a +0 club {Bangon}; > or
g - a +0 short sword {Luis} Unwield which? (? for menu, Esc to cancel) < or
a - a +0 club {Bangon}; > or
g - a +0 short sword {Luis} You start parting from your weapon.
You continue parting from your +0 club {Bangon}. x4
You whisper farewell to Bangon.
You finish parting from your +0 club {Bangon}.
You start parting from your weapon.
You continue parting from your +0 short sword {Luis}. x4
You whisper farewell to Luis.
You finish parting from your +0 short sword {Luis}.
You start attuning to your weapon.
You continue attuning to your +0 short sword {Luis}. x4
You finish attuning to your +0 short sword {Luis}.
You welcome your +0 short sword "Luis" back into your grasp.
You start attuning to your weapon.
You continue attuning to your +0 club {Bangon}. x4
You finish attuning to your +0 club {Bangon}.
You welcome your +0 club "Bangon" back into your grasp.
Okay, then.
There is a stone staircase leading down here.
You climb downwards.
Found 7 gold pieces and a dagger.
There is a stone staircase leading up here.
You see here a +0 dagger.
h - a +0 dagger You start parting from your weapon.
You continue parting from your +0 club {Bangon}. x4
You whisper farewell to Bangon.
You finish parting from your +0 club {Bangon}.
You drop a +0 club {Bangon}.
You start attuning to your weapon.
You continue attuning to your +0 dagger. x4
You finish attuning to your +0 dagger.
You welcome your +0 dagger "Soledad" into your grasp.
You now have 80 gold pieces (gained 7).
Found 6 atropa-tipped darts.
An adder comes into view.
You see here 6 atropa-tipped darts.
a - 6 atropa-tipped darts
Found 12 gold pieces.
The adder hisses angrily.
Throw: 6 darts (atropa)
Press: ? - help, Q - select action, (/) - cycle Shift-Dir - straight line, f - adder
Aim: an adder (29% to hit, chance to blind on hit: 100%)
You throw an atropa-tipped dart.
The atropa-tipped dart misses the adder.
You hit the adder but do no damage.
You closely miss the adder with your +0 dagger.
The adder barely misses you.
You miss the adder with your +0 short sword.
You miss the adder with your +0 dagger. The adder bites you.
You closely miss the adder with your +0 dagger.
You barely miss the adder with your +0 short sword.
The adder barely misses you.
You barely miss the adder with your +0 short sword.
You hit the adder with your +0 dagger. The adder bites you. x2
You are poisoned.
The adder poisons you!
You hit the adder but do no damage.
The adder is lightly wounded.
You hit the adder with your +0 dagger.
You feel sick. The adder bites you but does no damage.
You barely miss the adder with your +0 short sword.
The adder is moderately wounded.
You completely miss the adder with your +0 dagger.
You feel sick. The adder bites you.
You hit the adder but do no damage.
The adder is moderately wounded.
You barely miss the adder with your +0 short sword.
You feel sick. The adder barely misses you.
The adder bites you but does no damage.
You closely miss the adder with your +0 dagger.
The adder is moderately wounded.
You miss the adder with your +0 short sword.
You feel sick.
You are no longer poisoned.
The adder bites you.
You are poisoned.
The adder poisons you!
It was a potion of mutation.
You feel extremely strange.
Your connection to magic feels subdued.
You feel stronger.
You feel sick. The adder barely misses you.
You hit the adder with your +0 dagger.
The adder is heavily wounded.
You hit the adder with your +0 short sword.
You feel sick. The adder bites you.
* * * LOW HITPOINT WARNING * * *
You are lethally poisoned!
The adder poisons you! The adder bites you.
* * * LOW HITPOINT WARNING * * *
Okay, then.
You hit the adder but do no damage.
The adder is almost dead.
You hit the adder but do no damage.
* * * LOW HITPOINT WARNING * * *
You feel sick. The adder barely misses you.
You miss the adder with your +0 dagger.
The adder is almost dead.
You barely miss the adder with your +0 short sword.
You die...

.## ..#.# #$... ...# .## #
#.. #..# ...#.#..####..##
### ###.#.#.........#
##.## ......#.##.##.#.#
##.).##
#.........#.#.#.###.....##
#.#......(.S@.......<....#
........##.####.###.....##
#.#.........###.# ##...##
........##......# ##.##
#.##...#.......## ..# #
#####.......# ###
#.......# #.......#
#.......#


You could see an adder.

Vanquished Creatures
  A dart slug (D:1)
  An endoplasm (D:1)
  A giant cockroach (D:1)
  2 rats (D:1)
5 creatures vanquished.

Notes
Turn   | Place    | Note
-------+----------+-------------------------------------------
     0 | D:1      | TheMeInTeam the Coglin Wanderer began the quest for the
                  | Orb.
     0 | D:1      | TheMeInTeam set off with the following items: a +0 club
                  | {Bangon}, a wand of flame (7), a scroll of silence, a +0
                  | leather armour, a +2 buckler; and the following spell
                  | memorised: Apportation; and the following spells available
                  | to memorise: Gell's Gravitas.
     0 | D:1      | Reached XP level 1. HP: 13/13 MP: 2/2
   294 | D:1      | Reached skill level 1 in Fighting
   294 | D:1      | Reached XP level 2. HP: 21/21 MP: 3/3
   456 | D:1      | Reached skill level 3 in Evocations
   806 | D:2      | Gained mutation: Your spells are a little easier to cast,
                  | but a little less powerful. [potion of mutation]
   806 | D:2      | Gained mutation: Your muscles are strong. (Str +4, Int/Dex
                  | -1) [potion of mutation]
   809 | D:2      | Succumbed to an adder's poison

Illustrated notes

Levels and vault maps discovered:
D:1:      dpeg_arrival_oval, layout_basic
D:2:      layout_loops_cross

Skill      XL: |  1  2 |
---------------+-------+-----
Fighting       | 1 |  1.2
Evocations     | 3 |  3.0
Dodging        | |  1.7
Stealth        | |  1.3
Shields        | |  2.1
Spellcasting   | |  1.0
Translocations | |  1.0

Action                     || total
---------------------------++-------
  Melee: Club              ||    16
         Dagger            ||    11
         Short sword       ||    11
  Throw: Dart              ||     1
    Use: Potion            ||     1
   Stab: Sleeping          ||     1
 Armour: Leather armour    ||    14
  Dodge: Dodged            ||    11
  Block: Buckler           ||     5

Table legend: (Time is in decaauts)
 A = Elapsed time spent in this place.
 B = Non-inter-level travel time spent in this place.
 C = Inter-level travel time spent in this place.
 D = Time resting spent in this place.
 E = Time spent auto-exploring this place.
 F = Levels seen in this place.
 G = Mean time per level.
                   A        B        C        D        E       F      G
               +--------+--------+--------+--------+--------+-----+--------+
         Total |    847 |    770 |     77 |      0 |    518 |   2 |  423.5 |
       Dungeon |    847 |    770 |     77 |      0 |    518 |   2 |  423.5 |
               +--------+--------+--------+--------+--------+-----+--------+

Top non-repeatable levels by time:
     D:1: 775 daAuts
     D:2: 71 daAuts
